 Dungeon Crawl Stone Soup version 0.31.0-9-g3a7656b989 (webtiles) character file.

Game seed: 8277637730988068294

30 qw the Shooter (level 3, 0/18 HPs)
             Began as a Spriggan Hunter on Feb 3, 2024.
             Succumbed to their own poison gas
             ... on level 1 of the Dungeon.
             The game lasted 00:00:05 (579 turns).

qw the Shooter (Spriggan Hunter)                     Turns: 579, Time: 00:00:06

Health: 0/18       AC:  2    Str:  7    XL:     3   Next: 3%
Magic:  4/4        EV: 19    Int: 10    God:
Gold:   53         SH:  0    Dex: 20    Spells: 2/2 levels left

rFire   . . .        a - +1 shortbow
rCold   . . .        (shield currently unavailable)
rNeg    . . .        c - +0 robe
rPois   .            (helmet restricted)
rElec   .            (no cloak)
rCorr   .            (gloves unavailable)
SInv    +            (boots unavailable)
Will    .....        (no amulet)
Stlth   ++           (no ring)
HPRegen 0.23/turn    (no ring)
MPRegen 0.09/turn

%: no passive effects
@: brilliant, lethally poisoned (0 -> -3), very quick
A: very small, no large weapons, unfitting armour, see invisible, speed 3
a: no special abilities


You were on level 1 of the Dungeon.
You visited 1 branch of the dungeon, and saw 1 of its levels.

You collected 53 gold pieces.


Innate Abilities, Weirdness & Mutations

You are very small and have problems with some larger weapons.
You are too small for most types of armour.
You have supernaturally acute eyesight. (SInv)
You cover ground extremely quickly. (Speed+++)


   Skills:
 - Level 1.5 Fighting
 + Level 4.4 Ranged Weapons
 - Level 4.0 Dodging
 - Level 1.5 Stealth


You had 2 spell levels left.
You didn't know any spells.
Your spell library was empty.

Inventory:

Hand Weapons
 a - a +1 shortbow (weapon)
Armour
 c - a +0 robe (worn)
Scrolls
 h - a scroll of teleportation
Potions
 d - a potion of cancellation {unknown}
 f - a potion of enlightenment {unknown}
 l - a potion of haste {unknown}
 n - a potion of ambrosia {unknown}

Dungeon Overview and Level Annotations

Branches:
Dungeon (1/15)

Altars:

Shops:
D:1 [


Message History

Enter note:
Enter note:
Enter note:
Enter note:
Enter note:
Enter note: You are engulfed in poison gas.
You are lethally poisoned!
You feel very sick.
566 ||| Stepping ~*~*~tactically~*~*~ (cloud).
You feel very sick.
Things that are here:
a potion of brilliance; a scroll of butterflies
567 ||| DRINKING potion of curing.
You feel better.
567 ||| (to cure poison)
You start resting.
HP restored.
You are engulfed in poison gas.
You are lethally poisoned!
You feel very sick.
571 ||| Stepping ~*~*~tactically~*~*~ (cloud).
You feel sick.
Things that are here:
a potion of brilliance; a scroll of butterflies
There is a lethal amount of poison in your body!
You feel very sick.
There is a lethal amount of poison in your body!
You feel very sick.
There is a lethal amount of poison in your body!
You feel sick.
There is a lethal amount of poison in your body!
You feel sick.
There is a lethal amount of poison in your body!
You feel sick.
There is a lethal amount of poison in your body!
You feel sick.
There is a lethal amount of poison in your body!
You feel sick.
There is a lethal amount of poison in your body!
You die...

'#.....#####..##..#
.#......# #%[.##.##
.#......# #.#.#..#
(#......###.#.#..##
.##.....#.....#...#
..#####...##.#....#####
<.....+..###.#........#
..#####..# #.#......0.#
.##.....## #0...@....0#
.##.##### ##..........#
.#...### #00..%......#
.#.#...# #.0......0..#
+#.###.## #0..#.0....0#
...###..###.0.#..######
#...###.#..0#.#.##
..#.......#.....#
.##............##


There were no monsters in sight!

Vanquished Creatures
  4 endoplasms (D:1)
  2 giant cockroaches (D:1)
  3 goblins (D:1)
  3 hobgoblins (D:1)
  3 quokkas (D:1)
  A bat (D:1)
  4 frilled lizards (D:1)
  3 kobolds (D:1)
  4 rats (D:1)
27 creatures vanquished.

Notes
Turn   | Place    | Note
-------+----------+-------------------------------------------
     0 | D:1      | qw the Spriggan Hunter began the quest for the Orb.
     0 | D:1      | Reached XP level 1. HP: 10/10 MP: 2/2
     0 | D:1      | 0 ||| qw: Version: 0.3-a-155-g5e7d8dd
     0 | D:1      | 0 ||| qw: Game counter: 2974
     0 | D:1      | 0 ||| qw: Melee chars always use a shield: true
     0 | D:1      | 0 ||| qw: God list: Okawaru
     0 | D:1      | 0 ||| qw: Allow faded altars: false
     0 | D:1      | 0 ||| qw: Do Orc after clearing Dungeon:15 true
     0 | D:1      | 0 ||| qw: Do second Lair branch before Depths: true
     0 | D:1      | 0 ||| qw: Lair rune preference: random
     0 | D:1      | 0 ||| qw: Goals: Normal
     0 | D:1      | 0 ||| PLANNING D:1-11
    63 | D:1      | Reached skill level 3 in Dodging
   115 | D:1      | Reached XP level 2. HP: 14/14 MP: 3/3
   207 | D:1      | Found Emireops's Armour Emporium.
   219 | D:1      | 219 ||| SHOPLISTING +2 hat (208 gold, have 21).
   325 | D:1      | HP: 3/14 [frilled lizard (1)]
   328 | D:1      | Reached XP level 3. HP: 5/18 MP: 4/4
   554 | D:1      | 554 ||| DROPPING scarf of shadows.
   555 | D:1      | 555 ||| READING 2 scrolls labelled JICKUP FOLET.
   558 | D:1      | 558 ||| READING scroll labelled ZEUSONL GEVOU.
   558 | D:1      | 558 ||| ENCHANTING +0 shortbow.
   559 | D:1      | 559 ||| READING scroll labelled TEICEQ AKLIGG.
   560 | D:1      | 560 ||| READING scroll labelled QUKOWN JINA.
   560 | D:1      | 560 ||| ENCHANTING +1 shortbow.
   561 | D:1      | 561 ||| DRINKING 2 inky potions.
   562 | D:1      | 562 ||| DRINKING 2 glowing green potions.
   563 | D:1      | 563 ||| DROPPING scroll of butterflies.
   564 | D:1      | 564 ||| DROPPING potion of brilliance.
   566 | D:1      | 566 ||| Stepping ~*~*~tactically~*~*~ (cloud).
   567 | D:1      | 567 ||| DRINKING potion of curing.
   567 | D:1      | 567 ||| (to cure poison)
   571 | D:1      | 571 ||| Stepping ~*~*~tactically~*~*~ (cloud).
   574 | D:1      | HP: 4/18 [poisoned by you (poison gas)]
   577 | D:1      | HP: 1/18 [poisoned by you (poison gas)]
   579 | D:1      | Succumbed to their own poison gas

Levels and vault maps discovered:
D:1:      mrwooster_arrival_arrow, layout_rooms, serial_shops, shop,
          serial_park_tiny_2, minmay_heptomino_w4

Skill      XL: |  1  2 |
---------------+-------+-----
Dodging        | 3 4 |  4.0
Fighting       | |  1.5
Ranged Weapons | |  4.4
Stealth        | |  1.5

Action                     || total
---------------------------++-------
   Fire: Shortbow          ||    69
    Use: Scroll            ||     4
         Potion            ||     3
 Armour: Robe              ||    13
  Dodge: Dodged            ||    48

Table legend:
 A = Non-vault XP
 B = Vault XP
 C = Vault XP percentage of total XP
 D = Non-vault monster count
 E = Vault monster count
 F = Vault count percentage of total count
                 A         B        C        D         E       F
            +---------+---------+-------+---------+---------+-------
      Total |      32 |      11 |  25.6 |      21 |       6 |  22.2
            +---------+---------+-------+---------+---------+-------
        D:1 |      32 |      11 |  25.6 |      21 |       6 |  22.2
            +---------+---------+-------+---------+---------+-------
